 Dungeon Crawl Stone Soup version 0.32-a0-407-g4da7c8d (webtiles) character file.

Game seed: 14091943808062259097

406 Nithhogg the Trooper (level 6, -9/56 HPs)
             Began as a Mountain Dwarf Fighter on Feb 20, 2024.
             Mangled by a mummy (10 damage)
             ... in an ossuary.
             The game lasted 00:03:59 (2435 turns).

Nithhogg the Trooper (Mountain Dwarf Fighter)       Turns: 2435, Time: 00:04:00

Health: -9/56      AC:  7    Str: 20    XL:     6   Next: 56%
Magic:  9/9        EV:  9    Int:  9    God:
Gold:   219        SH:  4    Dex:  9    Spells: 5/5 levels left

rFire   . . .        q - +1 flail (protect)
rCold   . . .        c - +0 buckler
rNeg    . . .        b - +0 scale mail
rPois   +            (no helmet)
rElec   .            (no cloak)
rCorr   .            (no gloves)
SInv    .            (no boots)
Will    .....        (no amulet) Stlth
                     f - ring of poison resistance
HPRegen 0.29/turn    (no ring)
MPRegen 0.11/turn

%: no passive effects
@: lethally poisoned (-9 -> -13)
A: runic magic, artefact enchanting
a: no special abilities


You were in an ossuary.
You visited 1 branch of the dungeon, and saw 4 of its levels.
You also visited: Ossuary.

You collected 219 gold pieces.

Inventory:

Hand Weapons
 a - a +0 war axe
 o - the +4 falchion "Wuwk" {pain, Int+3}
   (You found it on level 2 of the Dungeon)

   Int+3:     It affects your intelligence (+3).
 q - a +1 flail of protection (weapon)
Missiles
 r - 3 poisoned darts (quivered)
Armour
 b - a +0 scale mail (worn)
 c - a +0 buckler (worn)
 v - a +0 plate armour
Jewellery
 f - a ring of poison resistance (left hand)
 t - a ring of magical power
Scrolls
 d - a scroll of fear {unknown}
 e - 6 scrolls of identify {unknown}
 g - 3 scrolls of teleportation {unknown}
 i - a scroll of enchant weapon {unknown}
 m - a scroll of blinking {unknown}
 s - a scroll of amnesia {unknown}
 w - a scroll of noise
Potions
 h - 4 potions of degeneration
 j - a potion of curing
 k - 3 potions of magic {unknown}
 l - a potion of enlightenment {unknown}
 n - a potion of berserk rage {unknown}
 p - 3 potions of brilliance {unknown}
 u - a potion of cancellation {unknown}


   Skills:
 + Level 5.0 Fighting
 + Level 4.7 Axes
 + Level 4.9 Armour
 - Level 3.2 Shields
 + Level 4.2 Invocations


You had 5 spell levels left.
You didn't know any spells.
Your spell library contained the following spells:

 Spells                   Type           Power      Damage    Failure   Level
 Conjure Ball Lightning   Conj/Air       0%         3x3d6     100%        6
 Discord                  Hex            0%         N/A       100%        8
 Disjunction              Tloc           0%         N/A       100%        8


Dungeon Overview and Level Annotations

Branches:
Dungeon (4/15)            Ossuary (1/1)
 Temple: D:4-7

Altars:

Shops:
D:1 (


Innate Abilities, Weirdness & Mutations

Your spellcasting is much less encumbered by armour.
You can use scrolls of enchantment on lesser artefacts.


Message History

You are no longer poisoned.
The burial acolyte barely misses you. You block the mummy's attack.
The burial acolyte hits you but does no damage.
You barely miss the burial acolyte.
The burial acolyte is heavily wounded.
A gnoll zombie comes into view.
The burial acolyte hits you but does no damage.
The mummy barely misses you.
You closely miss the burial acolyte.
The burial acolyte is heavily wounded.
The burial acolyte closely misses you.
You barely miss the burial acolyte.
The burial acolyte is heavily wounded.
The burial acolyte hits you with a +1 dagger of venom.
The mummy closely misses you. The burial acolyte barely misses you.
You barely miss the burial acolyte.
The burial acolyte is heavily wounded.
The burial acolyte hits you but does no damage.
The mummy hits you but does no damage.
You closely miss the burial acolyte.
The burial acolyte is heavily wounded.
The burial acolyte hits you with a +1 dagger of venom.
You are poisoned.
The mummy hits you!
* * * LOW HITPOINT WARNING * * *
You completely miss the burial acolyte.
The burial acolyte is heavily wounded.
You feel very sick.
The burial acolyte utters a dark prayer and points at you.
Your life force is offered up.
* * * LOW HITPOINT WARNING * * *
The burial acolyte is healed.
You barely miss the burial acolyte.
The burial acolyte is moderately wounded.
* * * LOW HITPOINT WARNING * * *
You feel sick.
The burial acolyte hits you with a +1 dagger of venom.
* * * LOW HITPOINT WARNING * * *
The mummy hits you!
You die...

###+### #.###
##.....## ##''.#
##.......###..#.#
+.....^...'...#.#
+....⌠....'.#.###
+.....^...'...#.#
#.......###ZZ#.#
##.....## ##pM.#
##+#'## #@###
#...# ##.## ##.##
#...# #.∩.# #..?#
#.∩.# ##### #####


You could see a mummy, a burial acolyte and 2 gnoll zombies.

Vanquished Creatures
  An elf zombie (Ossuary)
  A bombardier beetle (D:3)
  A jelly (D:4)
  An orc priest (D:3)
  A hound skeleton (D:3)
  2 mummies (Ossuary)
  3 adders
  A white imp (D:3)
  2 dart slugs
  3 ribbon worms
  4 orcs (D:3)
  9 ball pythons
  7 bats
  9 endoplasms
  7 giant cockroaches
  A gnoll zombie (Ossuary)
  7 goblins
  9 hobgoblins
  9 kobolds
  4 quokkas
  5 frilled lizards
  2 orc zombies (Ossuary)
  3 quokka zombies
  7 rats
99 creatures vanquished.

Notes
Turn   | Place    | Note
-------+----------+-------------------------------------------
     0 | D:1      | Nithhogg the Mountain Dwarf Fighter began the quest for the
                  | Orb.
     0 | D:1      | Reached XP level 1. HP: 19/19 MP: 1/1
    57 | D:1      | Reached skill level 1 in Invocations
    57 | D:1      | Reached XP level 2. HP: 26/26 MP: 2/2
   315 | D:1      | Reached XP level 3. HP: 32/33 MP: 4/4
   333 | D:1      | Found a transporter.
   333 | D:1      | Found Ujax Mixt's Weapon Boutique.
   355 | D:1      | Found a transporter.
   804 | D:2      | Reached XP level 4. HP: 36/40 MP: 5/5
   914 | D:2      | Reached skill level 4 in Fighting
   919 | D:2      | Identified the +4 falchion "Wuwk" {pain, Int+3}
  1399 | D:3      | Reached XP level 5. HP: 21/45 MP: 7/7
  1552 | D:3      | Found a faded altar of an unknown god.
  1985 | D:3      | Reached XP level 6. HP: 51/53 MP: 8/8
  2213 | D:4      | Found a sand-covered staircase.
  2228 | Ossuary  | Entered an ossuary
  2396 | Ossuary  | Reached skill level 5 in Fighting
  2435 | Ossuary  | HP: 1/56 [burial acolyte/+1 dagger of venom (3)]
  2435 | Ossuary  | Mangled by a mummy

Illustrated notes

Levels and vault maps discovered:
D:1:      dpeg_arrival_renting, layout_rooms, serial_shops,
          nicolae_shop_drivethru, minmay_cut_off
D:2:      layout_rooms
D:3:      minmay_bubble_buster, layout_basic, serial_undead, serial_undead_e,
          serial_undead_b, serial_undead_f, serial_undead_d,
          shapermc_ecumenical_altar_mp_urbaneastern
D:4:      layout_rooms, okawaru_trees_1, minmay_temple_entry_tees,
          enter_ossuary_4, gammafunk_ghost_gnarly_gnolls, minmay_misc_feat_iff,
          uniq_edmund
Ossuary:  ossuary_crypta

Skill      XL: |  1  2  3  4  5  6 |
---------------+-------------------+-----
Invocations    | 1 2 3 4 |  4.2
Axes           | 3 4 |  4.7
Fighting       | 4 5 |  5.0
Armour         | 4 |  4.9
Shields        | |  3.2

Action                     |  1- 3 |  4- 6 || total
---------------------------+-------+-------++-------
  Melee: War axe           |    95 |    49 ||   144
         Flail             |       |   185 ||   185
    Use: Potion            |       |     2 ||     2
 Armour: Scale mail        |    54 |   185 ||   239
  Dodge: Dodged            |    63 |   116 ||   179
  Block: Buckler           |    25 |    52 ||    77

Table legend: (Time is in decaauts)
 A = Elapsed time spent in this place.
 B = Non-inter-level travel time spent in this place.
 C = Inter-level travel time spent in this place.
 D = Time resting spent in this place.
 E = Time spent auto-exploring this place.
 F = Levels seen in this place.
 G = Mean time per level.
                   A        B        C        D        E       F      G
               +--------+--------+--------+--------+--------+-----+--------+
         Total |   2544 |   2488 |     56 |     32 |   1758 |   5 |  508.8 |
       Dungeon |   2326 |   2270 |     56 |      0 |   1642 |   4 |  581.5 |
       Ossuary |    217 |    217 |      0 |     32 |    116 |   1 |  217.0 |
               +--------+--------+--------+--------+--------+-----+--------+

Top non-repeatable levels by time:
     D:3: 915 daAuts
     D:1: 787 daAuts
     D:2: 593 daAuts
 Ossuary: 217 daAuts
     D:4: 29 daAuts
